 Dungeon Crawl Stone Soup version 0.20.1-1-g8b1a95d (webtiles) character file.

296 vatarom the Insei (level 6, -8/48 HPs)
             Began as a Draconian Transmuter on Sept 5, 2017.
             Mangled by Menkaure (13 damage)
             ... on level 4 of the Dungeon.
             The game lasted 00:08:50 (3874 turns).

vatarom the Insei (Draconian Transmuter)            Turns: 3874, Time: 00:08:51

Health: -8/48      AC:  6    Str: 13    XL:     6   Next: 12%
Magic:  6/9        EV: 12    Int:  8    God:
Gold:   173        SH:  0    Dex: 13    Spells: 3/9 levels left

rFire    . . .     SeeInvis .     - Unarmed
rCold    . . .     Gourm    .   (no shield)
rNeg     . . .     Faith    .   (armour unavailable)
rPois    .         Spirit   .   (helmet restricted)
rElec    +         Reflect  .   (no cloak)
rCorr    .         Harm     +   (no gloves)
MR       .....                  (no boots)
Stlth    ..........             i - amulet of harm
Regen    0.2/turn               d - -5 ring of intelligence (curse)
MPRegen  0.2/turn               c - ring of loudness (curse)

@: no status effects
A: unfitting armour, electricity resistance, cold-blooded, AC +6
a: no special abilities


You were on level 4 of the Dungeon.
You were not hungry.

You visited 1 branch of the dungeon, and saw 4 of its levels.
You also visited: Sewer.

You collected 173 gold pieces.

Inventory:

Missiles
 a - 2 arrows
Armour
 g - a +0 pair of boots
Jewellery
 c - a cursed ring of loudness (right hand)
 d - a cursed -5 ring of intelligence (left hand)
 i - an amulet of harm (around neck)
Wands
 l - a wand of random effects (21/48)
Scrolls
 e - 2 scrolls of identify
 h - a scroll of amnesia
Books
 b - a book of Changes

   Spells                             Type                      Level
   a - Beastly Appendage              Transmutation                1
   b - Sticks to Snakes               Transmutation                2
   c - Spider Form                    Transmutation/Poison         3
   d - Ice Form                       Ice/Transmutation            4
   e - Blade Hands                    Transmutation                5
Comestibles
 j - a bread ration


   Skills:
 + Level 2.0 Fighting
 + Level 2.0 Dodging
 * Level 5.9 Unarmed Combat
 - Level 2.0 Spellcasting
 - Level 3.4 Transmutations


You had 3 spell levels left.
You knew the following spells:

 Your Spells              Type           Power        Failure   Level  Hunger
a - Beastly Appendage     Tmut           #.....       9%          1    ##.....
b - Sticks to Snakes      Tmut           #.......     13%         2    ###....
c - Spider Form           Tmut/Pois      #.........   47%         3    ####...


Dungeon Overview and Level Annotations

Branches:
Dungeon (4/15)
 Temple: D:4-7

Altars:

Annotations:
D:4 Menkaure


Innate Abilities, Weirdness & Mutations

Your plain brown scales are hard. (AC +6)
You cannot fit into any form of body armour.
You are cold-blooded and may be slowed by cold attacks.
You are resistant to electric shocks. (rElec)


Message History

Menkaure is moderately damaged.
Menkaure hits you!
Casting: Spider Form
Confirm with . or Enter, or press ? or * to list all spells.
Your feet morph into talons.
Menkaure completely misses you.
Casting: Beastly Appendage
Confirm with . or Enter, or press ? or * to list all spells.
You create a snake!
You now have 2 arrows.
Menkaure hits you!
You hit Menkaure.
Menkaure is heavily damaged.
Menkaure hits you!
* * * LOW HITPOINT WARNING * * *
Your adder barely misses Menkaure.
Unknown command.
It was a potion of cancellation.
Your magical effects are unravelling.
You feel magically purged.
Your talons disappear.
You float gracefully downwards.
Menkaure hits you!
You die...

#.!.# #...# .l..# .# .##
######...# #.....# . ..
.....).M.# #.#...### #...
...$... #.#..... #.. #...#
......# .. ####..S#####.....# #
# ......%lM@.......#### # ..#
#####...#............ #...##
##...#.###.†..###
....##.##...............####...#
...............................#
##..##.##.##.#.#.###....####...#
...............................#
##.....##.##.###.#......###....#
##.....##.##.# #.#.#....# #....#


You could see Menkaure, an iguana and a friendly adder.

Vanquished Creatures
  Purgy (Sewer)
  2 orc wizards (D:4)
  Ijyb (D:4)
  A river rat (D:3)
  6 adders
  5 worms (D:2)
  6 leopard geckos
  An orc (D:4)
  4 giant cockroaches
  2 goblins (D:2)
  5 hobgoblins
  4 jackals (D:2)
  A ball python (D:2)
  9 bats
  2 frilled lizards
  2 kobolds (D:2)
  4 rats
56 creatures vanquished.

Vanquished Creatures (collateral kills)
  2 worms (D:2)
2 creatures vanquished.

Grand Total: 58 creatures vanquished

Notes
Turn   | Place    | Note
-------+----------+-------------------------------------------
     0 | D:1      | vatarom the Draconian Transmuter began the quest for the Orb.
     0 | D:1      | Reached XP level 1. HP: 16/16 MP: 3/3
   229 | D:1      | You fall through a shaft!
   364 | D:2      | Reached XP level 2. HP: 23/23 MP: 3/5
   368 | D:2      | Learned a level 2 spell: Sticks to Snakes
   648 | D:2      | Reached skill level 4 in Unarmed Combat
   897 | D:2      | Reached XP level 3. HP: 28/28 MP: 4/6
  1680 | D:2      | Learned a level 3 spell: Spider Form
  1889 | D:2      | Reached XP level 4. HP: 18/35 MP: 0/7
  2298 | D:3      | Gained mutation: You are clumsy. (Dex -2) [potion of mutation]
  2298 | D:3      | Lost mutation: You are clumsy. (Dex -2) [potion of mutation]
  2298 | D:3      | Gained mutation: You are resistant to electric shocks. (rElec) [potion of mutation]
  2836 | D:3      | Found a glowing drain.
  2930 | Sewer    | Entered a sewer
  3133 | Sewer    | Noticed Purgy
  3149 | Sewer    | Killed Purgy
  3149 | Sewer    | Reached skill level 5 in Unarmed Combat
  3149 | Sewer    | Reached XP level 5. HP: 24/40 MP: 5/8
  3583 | D:4      | Reached XP level 6. HP: 15/48 MP: 6/9
  3801 | D:4      | Noticed Ijyb
  3826 | D:4      | Killed Ijyb
  3863 | D:4      | Noticed Menkaure
  3874 | D:4      | Mangled by Menkaure

Skill      XL: |  1  2  3  4  5  6 |
---------------+-------------------+-----
Unarmed Combat | 4 5 |  5.9
Transmutations | 3 |  3.4
Dodging        | 2 |  2.0
Fighting       | 2 |  2.0
Spellcasting   | |  2.0

Action                   |  1- 3 |  4- 6 || total
-------------------------+-------+-------++-------
Melee: Unarmed           |   119 |   102 ||   221
       Tailslap          |     5 |     3 ||     8
       Kick              |     7 |       ||     7
       Headbutt          |     1 |     4 ||     5
       Punch             |       |     1 ||     1
 Cast: Beastly Appendage |    14 |     7 ||    21
       Sticks to Snakes  |     7 |     3 ||    10
       Spider Form       |     2 |     2 ||     4
  Use: Scroll            |     3 |     3 ||     6
       Potion            |     1 |     6 ||     7
  Eat: Chunk             |     4 |     3 ||     7
       Bread ration      |       |     1 ||     1
Armor: Skin              |    29 |    35 ||    64
Dodge: Dodged            |    66 |    95 ||   161
